 Dungeon Crawl Stone Soup version 0.30.0-29-ga12c61a403 (webtiles) character file.

Game seed: 16007235183748761168

208 BreadTh the Insei (level 5, 0/36 HPs)
             Began as an Octopode Transmuter on June 14, 2023.
             Slain by an orc
             ... wielding a +0 morningstar
              (5 damage)
             ... on level 3 of the Dungeon.
             The game lasted 00:11:23 (3237 turns).

BreadTh the Insei (Octopode Transmuter)             Turns: 3237, Time: 00:11:24

Health: 0/36       AC:  1    Str:  9    XL:     5   Next: 86%
Magic:  8/8        EV: 13    Int: 16    God:
Gold:   136        SH:  0    Dex: 14    Spells: 2/8 levels left

rFire   . .          .
                       - Unarmed
rCold   . . .        (no shield)
rNeg    . . .        (helmet restricted)
rPois   .            (no amulet)
rElec   .            (no ring)
rCorr   .            (no ring)
SInv    .            (no ring)
Will    .....        (no ring)
Stlth   +++          (no ring)
HPRegen 0.26/turn    (no ring)
MPRegen 0.11/turn    (no ring)
                     (no ring)

%: no passive effects
@: no status effects
A: almost no armour, amphibious, 8 rings, camouflage 1, gelatinous body 1,
(nimble swimmer 1), tentacles
a: no special abilities


You were on level 3 of the Dungeon.
You visited 1 branch of the dungeon, and saw 4 of its levels.

You collected 136 gold pieces.

Inventory:

Missiles
 n - 4 poisoned darts
Jewellery
 i - a ring of ice
 m - a ring of ice
Scrolls
 b - 6 scrolls of immolation {unknown}
 c - a scroll of amnesia {unknown}
 d - a scroll of vulnerability {unknown}
 g - 2 scrolls of enchant armour {unknown}
 h - 2 scrolls of teleportation {unknown}
 j - 2 scrolls of identify {unknown}
 l - a scroll of enchant weapon {unknown}
 p - 2 scrolls of fog {unknown}
 q - a scroll of butterflies {unknown}
Potions
 a - a potion of lignification
 e - a potion of might
 o - a potion of invisibility {unknown}
 r - a potion of degeneration {unknown}


   Skills:
 + Level 2.9 Fighting
 - Level 2.0 Dodging
 + Level 2.2 Stealth
 * Level 5.3 Unarmed Combat
 - Level 2.0 Spellcasting
 - Level 2.0 Transmutations


You had 2 spell levels left.
You knew the following spells:

 Your Spells              Type           Power      Damage    Failure   Level
a - Beastly Appendage     Tmut           16%        N/A       9%          1
b - Wereblood             Tmut           8%         N/A       14%         2
c - Spider Form           Tmut/Pois      4%         N/A       38%         3

Your spell library contained the following spells:

 Spells                   Type           Power      Damage    Failure   Level
 Ice Form                 Ice/Tmut       4%         N/A       80%         4


Dungeon Overview and Level Annotations

Branches:
Dungeon (4/15)
 Temple: D:4-7

Altars:
Ashenzari

Annotations:
D:4 Grinder


Innate Abilities, Weirdness & Mutations

You cannot wear most types of armour.
You are amphibious.
You can wear up to eight rings at the same time.
Your skin changes colour to match your surroundings (Stealth+).
Your rubbery body absorbs attacks. (AC +1, EV +1)
((You are camouflaged when in or above water. (Stealth+)))
You have tentacles for arms and can constrict up to eight enemies at once.


Message History

Found a rapier, 26 gold pieces, a trident and 2 atropa-tipped darts.
Found a stone staircase leading down.
There is a stone staircase leading up here.
The helpless endoplasm fails to defend itself.
You tentacle-slap the endoplasm.
You kill the endoplasm!
The orc shouts!
The goblin shouts!
You hear a shout!
An orc comes into view. It is wielding a +0 hand axe.
The goblin barely misses you.
You bludgeon the goblin!
You kill the goblin!
You tentacle-slap the orc but do no damage.
Your grab misses the orc. You squeeze the orc, but do no damage.
You barely miss the orc. You grab the orc.
You constrict the orc, but do no damage.
The orc misses you.
You tentacle-slap the orc but do no damage.
You constrict the orc, but do no damage.
The orc misses you. The dart slug bites you.
You tentacle-slap the orc but do no damage.
You constrict the orc, but do no damage.
The orc closely misses you.
You tentacle-slap the orc but do no damage.
You constrict the orc. The orc closely misses you.
The dart slug launches a dart at you. The slug dart hits you.
You tentacle-slap the orc but do no damage.
The orc is lightly wounded.
You constrict the orc, but do no damage.
The orc hits you with a +0 morningstar! The orc barely misses you.
The dart slug misses you.
You release your grip on the orc.
The orc barely misses you. The orc hits you with a +0 morningstar!
* * * LOW HITPOINT WARNING * * *
You climb upwards.
There is a stone staircase leading down here.
The dart slug bites you.
* * * LOW HITPOINT WARNING * * *
The orc attacks as you move away! The orc hits you with a +0 morningstar.
You die...

........####....#
.....†.†'.......#
......>.####....####
.......## #........#
#.....## #.###w##.#
##...## #.#...##.#
##+## #..###o#.# #.#
#<.# #o#.# #.#
#..###@#.# ###.###
#.#...##)# ......#
#.......<# #.....#
####.##### ##....#
#.# #.....########.#
..#............#
#####.##########
#####.#


You could see a dart slug and 2 orcs.

Vanquished Creatures
  An orc wizard (D:3)
  6 adders
  3 dart slugs
  15 orcs
  11 ball pythons
  5 bats
  9 endoplasms
  6 giant cockroaches
  7 goblins
  6 hobgoblins
  3 jackals (D:1)
  4 quokkas
  9 frilled lizards
  10 kobolds
  6 rats
101 creatures vanquished.

Notes
Turn   | Place    | Note
-------+----------+-------------------------------------------
     0 | D:1      | BreadTh the Octopode Transmuter began the quest for the
                  | Orb.
     0 | D:1      | Reached XP level 1. HP: 13/13 MP: 3/3
   122 | D:1      | Reached XP level 2. HP: 18/18 MP: 3/5
   334 | D:1      | Reached XP level 3. HP: 24/24 MP: 6/6
   445 | D:1      | Reached skill level 4 in Unarmed Combat
   963 | D:2      | You fall into a shaft and drop 2 floors!
   970 | D:4      | Noticed Grinder
  1059 | D:3      | Reached XP level 4. HP: 29/29 MP: 7/7
  1089 | D:3      | Found a broken altar of Ashenzari.
  1233 | D:3      | Learned a level 2 spell: Wereblood
  1237 | D:3      | Learned a level 3 spell: Spider Form
  2257 | D:2      | Reached skill level 1 in Stealth
  2395 | D:2      | Reached XP level 5. HP: 34/35 MP: 8/8
  2600 | D:2      | Reached skill level 5 in Unarmed Combat
  2728 | D:3      | HP: 1/35 [orc wizard/+0 dagger (4)]
  3237 | D:3      | Slain by an orc

Illustrated notes

Levels and vault maps discovered:
D:1:      scummos_arrival_simple_crosswalls, layout_loops_ring,
          minmay_indecisive_spiral
D:2:      layout_rooms
D:3:      layout_loops_corners, evilmike_ruin_ashenzari
D:4:      layout_gridville, uniq_grinder

Skill      XL: |  1  2  3  4  5 |
---------------+----------------+-----
Unarmed Combat | 4 5 |  5.3
Fighting       | 2 |  2.9
Stealth        | 1 2 |  2.2
Dodging        | |  2.0
Spellcasting   | |  2.0
Transmutations | |  2.0

Action                     |  1- 3 |  4- 6 || total
---------------------------+-------+-------++-------
  Melee: Unarmed           |    80 |   153 ||   233
         Tentacles         |    15 |    22 ||    37
         Constrict         |    20 |    35 ||    55
         Kick              |    14 |    27 ||    41
         Punch             |     2 |     3 ||     5
   Cast: Beastly Appendage |    11 |    13 ||    24
    Use: Potion            |       |     4 ||     4
   Stab: Sleeping          |     7 |     5 ||    12
 Armour: Skin              |     4 |    11 ||    15
  Dodge: Dodged            |    39 |    76 ||   115
